 Dungeon Crawl Stone Soup version 0.29-a0-284-gf9362112df (webtiles) character file.

Game seed: 665640736214591069

151 epen the Bolt Thrower (level 5, -5/32 HPs)
             Began as a Kobold Hunter on Mar 14, 2022.
             Killed from afar by Ijyb (28 damage)
             ... with a bolt of acid
             ... on level 3 of the Dungeon.
             The game lasted 00:02:24 (2069 turns).

epen the Bolt Thrower (Kobold Hunter)               Turns: 2069, Time: 00:02:25

Health: -5/32      AC:  8    Str:  8    XL:     5   Next: 59%
Magic:  5/5        EV: 15    Int: 11    God:
Gold:   83         SH:  0    Dex: 20    Spells: 4/4 levels left

rFire   . . .      SeeInvis .   a - +2 hand crossbow
rCold   . . .      Faith    .   (no shield)
rNeg    . . .      Spirit   .   b - +0 leather armour
rPois   .          Reflect  .   (no helmet)
rElec   .          Harm     .   l - +0 cloak
rCorr   .          Rampage  .   (no gloves)
Will    .....                   (no boots)
Stlth   +++.......              (no amulet)
HPRegen 0.10/turn               h - +4 ring of protection
MPRegen 0.09/turn               (no ring)

@: no status effects
A: small, no large weapons, nightstalker 3
a: no special abilities


You were on level 3 of the Dungeon.
You visited 1 branch of the dungeon, and saw 3 of its levels.

You collected 83 gold pieces.

Inventory:

Hand Weapons
 a - a +2 hand crossbow (weapon)
Armour
 b - a +0 leather armour (worn)
 l - a +0 cloak (worn)
Jewellery
 h - a +4 ring of protection (left hand)
 j - a +6 ring of dexterity
 o - a ring of fire
Wands
 k - a wand of charming (2)
Scrolls
 c - 2 scrolls of immolation
 d - a scroll of blinking {unknown}
 m - 2 scrolls of noise
Potions
 e - a potion of attraction
 g - a potion of flight
 q - a potion of ambrosia {unknown}


   Skills:
 + Level 3.2 Fighting
 + Level 6.0 Crossbows
 + Level 1.5 Armour
 + Level 3.5 Dodging
 + Level 3.3 Stealth


You had 4 spell levels left.
You didn't know any spells.
Your spell library contained the following spells:

 Spells                   Type           Power      Damage    Failure   Level
 Animate Skeleton         Necr           0%         N/A       45%         1
 Apportation              Tloc           0%         N/A       45%         1
 Summon Small Mammal      Summ           0%         N/A       45%         1


Dungeon Overview and Level Annotations

Branches:
Dungeon (3/15)

Altars:

Shops:
D:3 =

Annotations:
D:3 Grinder, Ijyb


Innate Abilities, Weirdness & Mutations

You are small and have problems with some larger weapons.
You are completely attuned to the shadows.


Message History

Press: ? - help, Shift-Dir - straight line, f/p - Ijyb
Aim: Ijyb, wielding a +0 dagger, wearing a +0 scale mail and carrying a wand of acid (5) (moderately wounded, chance to affect: 57%) Ijyb is charmed.
You are no longer corroded.
Ijyb is no longer charmed.
Ijyb hits you but does no damage.
Ijyb is nearby!
Shoot: a) +2 hand crossbow
Press: ? - help, Q - select action, (/) - cycle Shift-Dir - straight line, f/p - Ijyb
Aim: Ijyb, wielding a +0 dagger, wearing a +0 scale mail and carrying a wand of acid (5) (moderately wounded, 66% to hit)
You shoot a bolt. The bolt closely misses Ijyb.
Ijyb screams, "Get away!"
Ijyb hits you but does no damage. Ijyb closely misses you.
Shoot: a) +2 hand crossbow
Press: ? - help, Shift-Dir - straight line, f/p - Ijyb
Aim: Ijyb, wielding a +0 dagger, wearing a +0 scale mail and carrying a wand of acid (5) (moderately wounded, 66% to hit)
You shoot a bolt. The bolt hits Ijyb.
Ijyb is moderately wounded.
Ijyb hits you but does no damage.
Shoot: a) +2 hand crossbow
Press: ? - help, Shift-Dir - straight line, f/p - Ijyb
Aim: Ijyb, wielding a +0 dagger, wearing a +0 scale mail and carrying a wand of acid (5) (moderately wounded, 66% to hit)
You shoot a bolt. The bolt closely misses Ijyb.
Ijyb misses you.
Aiming: Charm
Press: ? - help, Shift-Dir - straight line, f/p - Ijyb
Aim: Ijyb, wielding a +0 dagger, wearing a +0 scale mail and carrying a wand of acid (5) (moderately wounded, chance to affect: 57%) Ijyb is charmed.
Ijyb is no longer charmed.
Ijyb closely misses you.
Ijyb is nearby!
Shoot: a) +2 hand crossbow
Press: ? - help, Shift-Dir - straight line, f/p - Ijyb
Aim: Ijyb, wielding a +0 dagger, wearing a +0 scale mail and carrying a wand of acid (5) (moderately wounded, 66% to hit)
You shoot a bolt. The bolt closely misses Ijyb.
Ijyb zaps a wand.
The bolt of acid misses you.
Shoot: a) +2 hand crossbow
Press: ? - help, Shift-Dir - straight line, f/p - Ijyb
Aim: Ijyb, wielding a +0 dagger, wearing a +0 scale mail and carrying a wand of acid (4) (moderately wounded, 66% to hit)
You shoot a bolt. The bolt closely misses Ijyb.
Ijyb zaps a wand.
The bolt of acid hits you!!
Ouch! That really hurt!
You die...

........#
#.#####.# #
#.# #.# #.#
#.# #.#
#.#######.#
...g@.....#
#.#########


You could see Ijyb.

Vanquished Creatures
  Crazy Yiuf (D:2)
  An orc wizard (D:3)
  A gnoll (D:1)
  3 adders
  2 worms
  A dart slug (D:2)
  4 orcs (D:3)
  4 ball pythons
  6 endoplasms
  4 goblins
  A hobgoblin (D:1)
  4 jackals (D:1)
  2 quokkas
  5 bats
  A frilled lizard (D:3)
  3 kobolds
  2 rats
45 creatures vanquished.

Vanquished Creatures (collateral kills)
  2 jackals (D:3)
2 creatures vanquished.

Grand Total: 47 creatures vanquished

Notes
Turn   | Place    | Note
-------+----------+-------------------------------------------
     0 | D:1      | epen the Kobold Hunter began the quest for the Orb.
     0 | D:1      | Reached XP level 1. HP: 12/12 MP: 1/1
    38 | D:1      | Reached XP level 2. HP: 9/18 MP: 2/2
   371 | D:1      | Reached XP level 3. HP: 22/22 MP: 3/3
   590 | D:1      | Found a faded altar of an unknown god.
   948 | D:2      | Found a runed translucent door.
   951 | D:2      | Noticed Crazy Yiuf
   955 | D:2      | Killed Crazy Yiuf
   956 | D:2      | Reached skill level 1 in Armour
   956 | D:2      | Reached XP level 4. HP: 27/27 MP: 4/4
  1485 | D:3      | Reached XP level 5. HP: 32/32 MP: 5/5
  1667 | D:3      | Reached skill level 6 in Crossbows
  1815 | D:3      | Noticed Grinder
  1942 | D:3      | Found Qotzao Bofiu's Jewellery Boutique.
  1992 | D:3      | Noticed Ijyb
  2069 | D:3      | Killed from afar by Ijyb

Illustrated notes

Levels and vault maps discovered:
D:1:      erik_arrival_triangle_medium, layout_rooms,
          hellmonk_ecumenical_altar_inner_sanctum
D:2:      layout_loops_ring, uniq_crazy_yiuf_cottage
D:3:      layout_loops_ring, serial_shops, nicolae_diamond_shop, uniq_ijyb,
          uniq_grinder

Skill      XL: |  1  2  3  4  5 |
---------------+----------------+-----
Stealth        | 2 3 |  3.3
Armour         | 1 |  1.5
Dodging        | 3 |  3.5
Fighting       | 3 |  3.2
Crossbows      | 6 |  6.0

Action                   |  1- 3 |  4- 6 || total
-------------------------+-------+-------++-------
 Fire: Hand crossbow     |    49 |    86 ||   135
Evoke: Wand              |       |     3 ||     3
  Use: Scroll            |       |     7 ||     7
Armor: Leather armour    |     4 |    18 ||    22
Dodge: Dodged            |    17 |    35 ||    52

Table legend: (Time is in decaauts)
 A = Elapsed time spent in this place.
 B = Non-inter-level travel time spent in this place.
 C = Inter-level travel time spent in this place.
 D = Time resting spent in this place.
 E = Time spent auto-exploring this place.
 F = Levels seen in this place.
 G = Mean time per level.
                   A        B        C        D        E       F      G
               +--------+--------+--------+--------+--------+-----+--------+
         Total |   2105 |   2077 |     28 |     45 |   1710 |   3 |  701.7 |
       Dungeon |   2105 |   2077 |     28 |     45 |   1710 |   3 |  701.7 |
               +--------+--------+--------+--------+--------+-----+--------+

Top non-repeatable levels by time:
     D:2: 775 daAuts
     D:1: 708 daAuts
     D:3: 621 daAuts
